 Dungeon Crawl Stone Soup version 0.31-a0-1074-g0b22e4e0f1 (webtiles) character file.

Game seed: 12902545666416630625

375 gelatine the Grave Robber (level 6, -3/44 HPs)
             Began as a Demonspawn Necromancer on Dec 2, 2023.
             Killed by divine providence
             ... invoked by an orc priest
              (12 damage)
             ... on level 4 of the Dungeon.
             The game lasted 00:08:31 (3572 turns).

gelatine the Grave Robber (Demonspawn Necromancer)  Turns: 3572, Time: 00:08:32

Health: -3/44      AC:  5    Str:  9    XL:     6   Next: 44%
Magic:  0/12       EV: 12    Int: 18    God:
Gold:   153        SH:  0    Dex: 19    Spells: 9/13 levels left

rFire   . . .        t - +1 dagger (speed)
rCold   . . .        (no shield)
rNeg    . . .        a - +0 robe
rPois   .            (no helmet)
rElec   .            (no cloak)
rCorr   .            (no gloves)
SInv    .            (no boots)
Will    .....        (no amulet)
Stlth   ++           e - +6 ring of dexterity
HPRegen 0.27/turn    (no ring)
MPRegen 0.26/turn

%: no passive effects
@: no status effects
A: yellow scales 2, magic regeneration, weakness stinger 1
a: no special abilities


You were on level 4 of the Dungeon.
You visited 1 branch of the dungeon, and saw 4 of its levels.

You collected 153 gold pieces.

Inventory:

Hand Weapons
 t - a +1 dagger of speed (weapon)
Missiles
 b - 2 throwing nets
Armour
 a - a +0 robe (worn)
Magical Staves
 q - a staff of conjuration
Jewellery
 e - a +6 ring of dexterity (left hand)
Scrolls
 c - 3 scrolls of fog {unknown}
 d - 6 scrolls of identify {unknown}
 g - a scroll of blinking {unknown}
 h - a scroll of vulnerability {unknown}
 i - 2 scrolls of summoning {unknown}
 l - a scroll of enchant armour {unknown}
 n - a scroll of teleportation {unknown}
 o - a scroll of torment {unknown}
 s - a scroll of noise {unknown}
Potions
 f - 2 potions of attraction {unknown}
 j - a potion of resistance {unknown}
 k - a potion of heal wounds {unknown}
 m - 3 potions of curing {unknown}
 p - 2 potions of haste {unknown}
 r - a potion of enlightenment {unknown}


   Skills:
 * Level 2.0 Fighting
 + Level 1.9 Dodging
 + Level 2.2 Stealth
 + Level 0.1 Unarmed Combat
 + Level 4.3 Spellcasting
 + Level 6.3 Necromancy


You had 9 spell levels left.
You knew the following spells:

 Your Spells              Type           Power      Damage    Failure   Level
a - Necrotise             Necr           100%       1d9       1%          1
b - Vampiric Draining     Necr           26%        2d7       3%          3

Your spell library contained the following spells:

 Spells                   Type           Power      Damage    Failure   Level
 Animate Dead             Necr           26%        N/A       11%         4
 Agony                    Necr           26%        N/A       28%         5


Dungeon Overview and Level Annotations

Branches:
Dungeon (4/15)
 Temple: D:4-7

Altars:
Ashenzari

Shops:
D:4 *


Innate Abilities, Weirdness & Mutations

You are mostly covered in yellow scales. (AC +3)
You regenerate magic rapidly.
You have a small tail.


Message History

Casting: Vampiric Draining (dangerous; 3% risk of failure)
Confirm with . or Enter, or press ? or * to list all spells.
Aiming: Necrotise (safe; 1% risk of failure)
Press: ? - help, Shift-Dir - straight line, f - orc priest
Aim: an orc priest, wielding a +0 mace (lightly wounded, ally target, chance to affect: 83%)
The orc priest writhes in agony.
Your hound skeleton closely misses the orc priest.
The orc priest hits you but does no damage.
You closely miss the orc priest. You tail-slap the orc priest.
The orc priest is severely wounded.
Your hound skeleton closely misses the orc priest.
The orc priest calls down the wrath of Beogh upon you.
Beogh smites you!
* * * LOW HITPOINT WARNING * * *
The orc priest hits you with a +0 mace!
* * * LOW HITPOINT WARNING * * *
Your hound skeleton bites the orc priest.
The orc priest hits you with a +0 mace.
* * * LOW HITPOINT WARNING * * *
Things that are here:
a +0 hand axe; a +0 leather armour Your hound skeleton closely misses the orc priest.
Your hound skeleton bites the orc priest.
Your hound skeleton bites the orc priest.
The orc priest dies!
Your Fighting skill increases to level 2!
An orc priest is nearby!
You swap places.
The orc priest hits you with a +0 short sword.
* * * LOW HITPOINT WARNING * * *
Casting: Necrotise (safe; 1% risk of failure)
Confirm with . or Enter, or press ? or * to list all spells.
Aiming: Vampiric Draining (dangerous; 3% risk of failure)
Press: ? - help, Shift-Dir - straight line, f - orc priest
Aim: an orc priest, wielding a +0 short sword (ally target)
You draw life force from the orc priest!
You feel life coursing into your body.
The orc priest mumbles some strange prayers to Beogh against you.
Beogh smites you!
You die...

......#.#.# #..o##.#.#
#...##.#.# # #...##.#.# .#
#.)o##.#.##...
####Z...#...#
#.....#...#.#
##########..##o.#.# #....#
#..##@Z#.# ##....#
#........# ##.....#
#........# #......###
######...# #........#
#........# ####.....#
#.####...#####.
####.....###..............
...........#..########....
##########.#......# ...


You could see an orc priest (ally target) and a friendly hound skeleton.

Vanquished Creatures
  2 ogres
  A hound (D:4)
  2 orc priests (D:4)
  3 adders
  2 worms
  A dart slug (D:2)
  An orc (D:3)
  5 ball pythons
  4 endoplasms
  3 goblins
  4 hobgoblins
  5 jackals (D:4)
  3 quokkas (D:2)
  6 bats
  4 frilled lizards
  4 kobolds
  3 rats
53 creatures vanquished.

Vanquished Creatures (collateral kills)
  An orc priest (D:4)
  A worm (D:4)
  An endoplasm (D:4)
  A hobgoblin (D:1)
  A jackal (D:4)
  A rat (D:2)
6 creatures vanquished.

Grand Total: 59 creatures vanquished

Notes
Turn   | Place    | Note
-------+----------+-------------------------------------------
     0 | D:1      | gelatine the Demonspawn Necromancer began the quest for the
                  | Orb.
     0 | D:1      | Reached XP level 1. HP: 13/13 MP: 3/3
   177 | D:1      | Gained mutation: You regenerate magic rapidly. [demonic
                  | ancestry]
   177 | D:1      | Reached XP level 2. HP: 9/19 MP: 0/5
   756 | D:2      | Reached skill level 5 in Necromancy
   782 | D:2      | Gained mutation: You are partially covered in yellow
                  | scales. (AC +2) [demonic ancestry]
   782 | D:2      | Reached XP level 3. HP: 24/24 MP: 0/6
  1091 | D:2      | Learned a level 3 spell: Vampiric Draining
  2398 | D:2      | Found a faded altar of an unknown god.
  2947 | D:3      | Noticed an ogre
  2955 | D:3      | Killed an ogre
  2956 | D:3      | Reached skill level 1 in Fighting
  2956 | D:3      | Reached XP level 4. HP: 9/32 MP: 1/9
  2956 | D:3      | Gained mutation: You are mostly covered in yellow scales.
                  | (AC +3) [demonic ancestry]
  2956 | D:3      | Reached XP level 5. HP: 10/37 MP: 1/10
  3267 | D:4      | Found Xudod's Assorted Antiques.
  3393 | D:4      | Noticed an ogre
  3406 | D:4      | Killed an ogre
  3407 | D:4      | Reached skill level 6 in Necromancy
  3431 | D:4      | Found a broken altar of Ashenzari.
  3550 | D:4      | Gained mutation: You have a small tail. [demonic ancestry]
  3550 | D:4      | Reached XP level 6. HP: 29/44 MP: 7/12
  3562 | D:4      | HP: 1/44 [orc priest/+0 mace (4)]
  3572 | D:4      | Killed from afar by an orc priest

Illustrated notes

Levels and vault maps discovered:
D:1:      dpeg_arrival_shelter, layout_loops_ring, minmay_misc_feat_encased
D:2:      layout_basic, serial_forest, infiniplex_forest_end_3,
          infiniplex_forest_clump_diagonal, infiniplex_forest_corner_1,
          infiniplex_forest_zigzag_1, infiniplex_forest_clump_curved,
          infiniplex_forest_straight_2, shapermc_ecumenical_altar_petra,
          nicolae_elevator_lobby_plus
D:3:      layout_rooms, minmay_misc_feat_columns
D:4:      layout_basic, mainiacjoe_overflow_surrounded_room, serial_shops,
          nicolae_shop_crystal, grunt_ministairs_4, uniq_sigmund

Skill      XL: |  1  2  3  4  5  6 |
---------------+-------------------+-----
Stealth        | 2 |  2.2
Necromancy     | 5 6 |  6.3
Fighting       | 1 2 |  2.0
Spellcasting   | 3 4 |  4.3
Dodging        | |  1.9
Unarmed Combat | |  0.1

Action                     |  1- 3 |  4- 6 || total
---------------------------+-------+-------++-------
  Melee: Unarmed           |   998 |       ||   998
         Punch             |    18 |       ||    18
         Dagger            |       |     3 ||     3
         Tailslap          |       |     1 ||     1
   Cast: Necrotise         |    74 |    29 ||   103
         Vampiric Draining |     5 |     6 ||    11
    Use: Potion            |     1 |       ||     1
 Armour: Robe              |    15 |     9 ||    24
  Dodge: Dodged            |    16 |     6 ||    22

Table legend: (Time is in decaauts)
 A = Elapsed time spent in this place.
 B = Non-inter-level travel time spent in this place.
 C = Inter-level travel time spent in this place.
 D = Time resting spent in this place.
 E = Time spent auto-exploring this place.
 F = Levels seen in this place.
 G = Mean time per level.
                   A        B        C        D        E       F      G
               +--------+--------+--------+--------+--------+-----+--------+
         Total |   3569 |   3527 |     42 |      0 |   2074 |   4 |  892.2 |
       Dungeon |   3569 |   3527 |     42 |      0 |   2074 |   4 |  892.2 |
               +--------+--------+--------+--------+--------+-----+--------+

Top non-repeatable levels by time:
     D:2: 2053 daAuts
     D:1: 741 daAuts
     D:3: 469 daAuts
     D:4: 304 daAuts
